 Dungeon Crawl Stone Soup version 0.21.1-1-g345015f (webtiles) character file.

6069 inc the Blocker (level 10, -5/69 HPs)
             Began as an Octopode Fighter on June 13, 2018.
             Was an Initiate of Gozag.
             Killed from afar by a hell hound (7 damage)
             ... with a blast of flame
             ... on level 10 of the Dungeon.
             The game lasted 00:25:10 (11981 turns).

inc the Blocker (Octopode Fighter)                 Turns: 11981, Time: 00:25:11

Health: -5/69      AC:  1    Str: 20    XL:     10   Next: 87%
Magic:  0/10       EV: 15    Int: 13    God:    Gozag
Gold:   1252       SH: 13    Dex: 13    Spells: 9/9 levels left

rFire    + . .     SeeInvis .     - Unarmed
rCold    + . .     Gourm    .   a - +1 shield
rNeg     . . .     Faith    .   (helmet restricted)
rPois    +         Spirit   +   E - amulet of guardian spirit
rElec    .         Reflect  .   H - ring of poison resistance
rCorr    .         Harm     .   p - ring of protection from cold
MR       .....                  l - ring of protection from fire
Stlth    ++........             (no ring)
HPRegen  0.21/turn              (no ring)
MPRegen  0.12/turn              (no ring)
                                (no ring)
                                (no ring)

@: mighty, about to teleport
A: almost no armour, stealthy swim, amphibious, 8 rings, constrict 8, camouflage
1, gelatinous body 1
a: Potion Petition, Call Merchant, Bribe Branch, Renounce Religion


You were on level 10 of the Dungeon.
You worshipped Gozag.
Gozag was most pleased with you.
You were very full.

You visited 2 branches of the dungeon, and saw 11 of its levels.

You collected 1312 gold pieces.
You paid 60 gold pieces to Gozag.

Inventory:

Hand Weapons
 b - a +0 blowgun
Missiles
 v - 26 poisoned needles
Armour
 a - a +1 shield (worn)
Jewellery
 h - an uncursed ring of loudness
 l - a ring of protection from fire (on tentacle)
 p - a ring of protection from cold (right tentacle)
 y - an uncursed ring of fire
 E - an amulet of guardian spirit (around mantle)
 H - a ring of poison resistance (left tentacle)
Wands
 m - a wand of digging (12)
 o - a wand of paralysis (11)
 D - a wand of disintegration (13)
 F - a wand of clouds (6)
Scrolls
 d - 5 scrolls of remove curse
 f - a scroll of fog
 g - a scroll of blinking {unknown}
 j - 2 scrolls of teleportation
 r - 3 scrolls of identify
 s - a scroll of magic mapping {unknown}
 t - a scroll of noise
 w - 4 scrolls of random uselessness
 C - a scroll of amnesia
 I - a scroll of enchant weapon {unknown}
Potions
 e - 3 potions of curing
 k - 2 potions of agility
 n - 3 potions of degeneration
 q - 2 potions of ambrosia
 u - 3 potions of might
 x - 4 potions of brilliance
 z - a potion of resistance
 A - 3 potions of flight
 G - a potion of haste {unknown}
Books
 B - Sif Muna's Grimoire of Feathers
   (You found it on level 6 of the Dungeon)

   Spells                             Type                      Level
   a - Shock                          Conjuration/Air              1
Comestibles
 c - 12 rations


   Skills:
 + Level 6.3 Fighting
 + Level 6.3 Dodging
 - Level 11.2 Shields
 - Level 9.0 Unarmed Combat


You had 9 spell levels left.
You didn't know any spells.

Dungeon Overview and Level Annotations

Branches:
Dungeon (10/15)            Temple (1/1) D:5            Lair (0/6) D:10
    Orc: D:9-12

Altars:
Ashenzari
Cheibriados
Dithmenos
Elyvilon
Fedhas
Gozag
Hepliaklqana
Kikubaaqudgha
Makhleb
Nemelex Xobeh
Okawaru
Qazlal
Sif Muna
Trog
Uskayaw
Vehumet
Wu Jian
Xom
Zin

Shops:
D:7 (

Annotations:
D:3 n0claF's ghost, weakling TeSu


Innate Abilities, Weirdness & Mutations

You cannot wear most types of armour.
You are very stealthy in the water. (Stealth+)
You are amphibious.
You can wear up to eight rings at the same time.
You can use your tentacles to constrict eight enemies at once.
Your skin changes colour to match your surroundings (Stealth+).
Your rubbery body absorbs attacks. (AC +1, EV +1)


Message History

A hell hound comes into view.
The hell hound barks!
A yak comes into view.
The yak bellows!
A yak comes into view.
The yak bellows!
A yak comes into view.
The yak bellows!
A hippogriff comes into view.
The hippogriff screeches!
A yak comes into view.
The yak bellows!
You hear a shout!
Found an encrusted wooden wand.
Found a staircase to the Lair.
A yak comes into view.
As you read the scroll of teleportation, it crumbles to dust.
You feel strangely unstable. The hell hound breathes flames at you.
The blast of flame hits you! You resist.
You die...
Your body crumbles into a pile of gold.

#...........##
##..≈≈......./.
#..§.≈≈≈≈......
#..≈§..≈≈§.....
#..≈≈.>h≈≈.....
#...≈≈h≈≈§.....
#Y.Y≈≈≈≈≈≈.....
#.YY.≈≈@≈......
...Y........###
..#.........#
..H#+########
.. . $


You could see a hippogriff, 5 yaks and 2 hell hounds.

Vanquished Creatures
  Grinder (D:4)
  3 hippogriffs
  2 wyverns
  A human (D:9)
  4 hogs (D:9)
  Menkaure (D:4)
  2 water moccasins
  3 sky beasts
  4 ice beasts
  An orc warrior (D:8)
  8 phantoms
  2 ogres
  A centaur (D:9)
  A big kobold (D:9)
  5 bullfrogs
  A water moccasin skeleton (D:4)
  3 scorpions
  5 wights (D:9)
  A howler monkey (D:6)
  An electric eel (D:10)
  5 crimson imps
  A bullfrog zombie (D:5)
  A centaur zombie (D:7)
  4 orc priests
  A centaur skeleton (D:4)
  11 orc wizards
  6 hounds
  3 iguanas
  6 worker ants
  2 hound skeletons
  A worker ant zombie (D:8)
  7 gnolls
  11 adders
  A shadow imp (D:5)
  An ooze (D:3)
  3 adder zombies
  2 adder skeletons
  10 worms
  6 dart slugs
  3 leopard geckos
  41 orcs
  9 bats
  9 giant cockroaches
  4 goblins
  8 hobgoblins
  8 jackals
  7 quokkas
  6 frilled lizards
  7 kobolds
  3 leopard gecko skeletons
  7 rats
244 creatures vanquished.

Vanquished Creatures (others)
  4 toadstools (D:1)
4 creatures vanquished.

Grand Total: 248 creatures vanquished

Notes
Turn   | Place    | Note
-------+----------+-------------------------------------------
     0 | D:1      | inc the Octopode Fighter began the quest for the Orb.
     0 | D:1      | Reached XP level 1. HP: 16/16 MP: 1/1
    99 | D:1      | Reached XP level 2. HP: 9/21 MP: 2/2
   825 | D:2      | Reached XP level 3. HP: 26/26 MP: 3/3
   969 | D:2      | Noticed an ogre
  1205 | D:2      | Killed an ogre
  1205 | D:2      | Reached skill level 4 in Shields
  1205 | D:2      | Reached XP level 4. HP: 18/31 MP: 4/4
  1205 | D:2      | Reached XP level 5. HP: 21/36 MP: 5/5
  2290 | D:3      | Reached skill level 5 in Unarmed Combat
  2290 | D:3      | Reached XP level 6. HP: 38/42 MP: 6/6
  2428 | D:3      | Reached skill level 5 in Shields
  2808 | D:3      | Noticed n0claF's ghost (weakling TeSu)
  3320 | D:4      | Reached XP level 7. HP: 30/46 MP: 7/7
  3847 | D:4      | Noticed Menkaure
  3855 | D:4      | Killed Menkaure
  3855 | D:4      | Reached skill level 6 in Shields
  3878 | D:4      | Noticed Grinder
  3878 | D:4      | Paralysed by Grinder for 2 turns
  3886 | D:4      | Killed Grinder
  3886 | D:4      | Reached skill level 7 in Shields
  3886 | D:4      | Reached XP level 8. HP: 29/52 MP: 8/8
  4507 | D:5      | Entered Level 5 of the Dungeon
  4700 | D:5      | Found a staircase to the Ecumenical Temple.
  4756 | Temple   | Entered the Ecumenical Temple
  4762 | Temple   | Became a worshipper of Gozag Ym Sagoz the Greedy
  5236 | D:6      | Reached skill level 8 in Shields
  5258 | D:6      | Found a hazy altar of Hepliaklqana.
  6116 | D:6      | Reached skill level 9 in Shields
  6116 | D:6      | Reached XP level 9. HP: 54/56 MP: 9/9
  6291 | D:6      | Found a deep blue altar of Sif Muna.
  6302 | D:6      | Identified Sif Muna's Grimoire of Feathers
  7730 | D:7      | Reached skill level 10 in Shields
  8227 | D:7      | Found Ahen's Weapon Emporium.
  9316 | D:8      | Reached skill level 11 in Shields
  9316 | D:8      | Reached XP level 10. HP: 63/63 MP: 10/10
  9911 | D:9      | Found a sparkling altar of Nemelex Xobeh.
  9930 | D:9      | Found an ornate altar of the Wu Jian Council.
 10552 | D:9      | Reached skill level 5 in Fighting
 10552 | D:9      | Reached skill level 5 in Dodging
 11278 | D:9      | Found a hide-covered altar of Uskayaw.
 11393 | D:9      | Found a burning altar of Makhleb.
 11611 | D:10     | Entered Level 10 of the Dungeon
 11645 | D:10     | Noticed a six-headed hydra
 11972 | D:10     | HP: 1/69 [electric eel/bolt of electricity (6)]
 11980 | D:10     | Found a staircase to the Lair.
 11981 | D:10     | Killed from afar by a hell hound

Skill      XL: |  1  2  3  4  5  6  7  8  9 10 |
---------------+-------------------------------+-----
Unarmed Combat | 3 4 5 6 7 8 9 |  9.0
Shields        | 4 5 7 9 11 | 11.2
Fighting       | 6 |  6.3
Dodging        | 6 |  6.3

Action                   |  1- 3 |  4- 6 |  7- 9 | 10-12 || total
-------------------------+-------+-------+-------+-------++-------
Melee: Unarmed           |    63 |   113 |   365 |   243 ||   784
       Constrict         |    16 |    33 |    67 |    40 ||   156
       Tentacles         |    11 |    28 |    81 |    50 ||   170
       Punch             |     2 |     7 |    20 |    15 ||    44
  Use: Scroll            |       |     3 |    12 |     6 ||    21
       Potion            |       |       |     3 |     1 ||     4
 Stab: Sleeping          |     9 |     2 |     2 |     3 ||    16
       Distracted        |       |       |     2 |       ||     2
  Eat: Chunk             |     1 |     6 |     5 |       ||    12
       Ration            |       |       |     5 |     4 ||     9
Armor: Skin              |     1 |    15 |    13 |     4 ||    33
Dodge: Dodged            |    23 |    61 |   111 |    68 ||   263
Block: Shield            |    12 |    52 |   123 |   119 ||   306
